 Dungeon Crawl Stone Soup version 0.21.1-68-g103a7afc0a (webtiles) character file.

31 Raybro228 the Caller (level 3, -2/19 HPs)
             Began as a Deep Elf Summoner on Aug 3, 2018.
             Slain by an adder (4 damage)
             ... on level 2 of the Dungeon.
             The game lasted 00:09:49 (1093 turns).

Raybro228 the Caller (Deep Elf Summoner)            Turns: 1093, Time: 00:09:53

Health: -2/19      AC:  2    Str:  5    XL:     3   Next: 7%
Magic:  8/10       EV: 13    Int: 20    God:
Gold:   40         SH:  0    Dex: 15    Spells: 3/9 levels left

rFire    . . .     SeeInvis .   g - +0 spear
rCold    . . .     Gourm    .   (no shield)
rNeg     . . .     Faith    .   a - +0 robe
rPois    .         Spirit   .   (no helmet)
rElec    .         Reflect  .   (no cloak)
rCorr    .         Harm     .   (no gloves)
MR       .....                  (no boots)
Stlth    ++........             (no amulet)
HPRegen  0.06/turn              (no ring)
MPRegen  0.12/turn              (no ring)

@: lethally poisoned (-2 -> -4)
A: no striking features
a: no special abilities


You were on level 2 of the Dungeon.
You were not hungry.

You visited 1 branch of the dungeon, and saw 2 of its levels.

You collected 40 gold pieces.

Inventory:

Hand Weapons
 g - a +0 spear (weapon)
Armour
 a - a +0 robe (worn)
Wands
 l - a wand of digging (10)
Scrolls
 d - a scroll of teleportation {unknown}
 f - 2 scrolls of fear {unknown}
 h - a scroll of magic mapping {unknown}
 i - a scroll of enchant armour {unknown}
 j - a scroll of amnesia {unknown}
 k - a scroll of remove curse {unknown}
Potions
 e - a potion of lignification {unknown}
Books
 b - a book of Callings

   Spells                             Type                      Level
   a - Summon Small Mammal            Summoning                    1
   b - Call Imp                       Summoning                    2
   c - Call Canine Familiar           Summoning                    3
   d - Summon Guardian Golem          Hexes/Summoning              3
   e - Summon Lightning Spire         Summoning/Air                4
   f - Summon Ice Beast               Ice/Summoning                4
Comestibles
 c - 3 rations


   Skills:
 + Level 2.5 Dodging
 - Level 2.4 Stealth
 + Level 3.7 Spellcasting
 + Level 5.1 Summonings


You had 3 spell levels left.
You knew the following spells:

 Your Spells              Type           Power        Failure   Level  Hunger
a - Summon Small Mammal   Summ           ###.         1%          1    None
b - Call Imp              Summ           ###.....     2%          2    ##.....
c - Summon Guardian Gole  Hex/Summ       ##......     14%         3    ###....


Dungeon Overview and Level Annotations

Branches:
Dungeon (2/15)

Altars:
Nemelex Xobeh
Trog


Message History

Your rat's corpse disappears in a puff of smoke!
An adder comes into view.
Casting: Summon Small Mammal
Confirm with . or Enter, or press ? or * to list all spells.
You feel sick.
Your crimson imp blinks!
Your quokka misses the adder.
Casting: Summon Small Mammal
Confirm with . or Enter, or press ? or * to list all spells.
The adder bites you.
Your quokka bites the adder.
The adder closely misses you. The adder bites you but does no damage.
Your quokka barely misses the adder.
The adder bites you.
* * * LOW HITPOINT WARNING * * *
You miss the adder.
The adder is severely wounded.
* * * LOW HITPOINT WARNING * * *
You feel sick.
Your quokka bites the adder.
Your crimson imp completely misses the adder.
The adder bites you.
You die...

#....# #....########
########.|..##......
#>.................
#.######..)........ #.#
##......### #.# #...5..# #.#
#....Sr# #)# #...rS@# #.#####
######## #.....# #.....#
#.....#### ###### #.##.....#
#....######
#.##.....############..........
#†......................)......
#.##.....############..<.......


You could see 2 adders, a friendly crimson imp and 2 friendly quokkas.

Vanquished Creatures
  2 bats (D:2)
2 creatures vanquished.

Vanquished Creatures (collateral kills)
  An adder (D:2)
  2 leopard geckos (D:1)
  7 bats
  3 giant cockroaches (D:1)
  2 goblins
  3 hobgoblins (D:1)
  A frilled lizard (D:2)
  7 kobolds
  8 rats (D:1)
34 creatures vanquished.

Grand Total: 36 creatures vanquished

Notes
Turn   | Place    | Note
-------+----------+-------------------------------------------
     0 | D:1      | Raybro228 the Deep Elf Summoner began the quest for the Orb.
     0 | D:1      | Reached XP level 1. HP: 10/10 MP: 6/6
   195 | D:1      | Reached XP level 2. HP: 15/15 MP: 2/8
   471 | D:1      | Reached skill level 5 in Summonings
   839 | D:2      | Found a bloodstained altar of Trog.
   881 | D:2      | Reached XP level 3. HP: 18/19 MP: 7/10
   885 | D:2      | Learned a level 2 spell: Call Imp
   889 | D:2      | Learned a level 3 spell: Summon Guardian Golem
   970 | D:2      | Found a sparkling altar of Nemelex Xobeh.
  1093 | D:2      | Slain by an adder

Skill      XL: |  1  2 |
---------------+-------+-----
Summonings     | 5 |  5.1
Dodging        | |  2.5
Stealth        | |  2.4
Spellcasting   | |  3.7

Action                   || total
-------------------------++-------
Melee: Spear             ||    15
       Unarmed           ||     8
 Cast: Summon Small Mamm ||    63
       Call Imp          ||     1
 Stab: Sleeping          ||     2
Armor: Robe              ||    12
Dodge: Dodged            ||    41
